 Dungeon Crawl Stone Soup version 0.31-a0-1308-ga3cce3a448 (webtiles) character file.

Game seed: 9566311100304214272

491 croobank the Sneak (level 7, 0/40 HPs)
             Began as an Octopode Ice Elementalist on Dec 20, 2023.
             Was a Priest of Fedhas.
             Shot with an arrow by a centaur (14 damage)
             ... on level 5 of the Dungeon.
             The game lasted 00:12:56 (4486 turns).

croobank the Sneak (Octopode Ice Elementalist)      Turns: 4486, Time: 00:12:56

Health: 0/40       AC:  7    Str:  6    XL:     7   Next: 14%
Magic:  6/12       EV: 14    Int: 19    God:    Fedhas [***...]
Gold:   273        SH:  5    Dex: 12    Spells: 5/12 levels left

rFire   . . .        z - +0 dagger (speed)
rCold   . . .        (no shield)
rNeg    . . .        (helmet restricted)
rPois   .            h - amulet of reflection
rElec   .            (no ring)
rCorr   .            (no ring)
SInv    .            (no ring)
Will    .....        (no ring)
Stlth   ++++         (no ring)
HPRegen 0.26/turn    (no ring)
MPRegen 0.13/turn    (no ring)
                     (no ring)

%: reflection
@: ice-armoured, freezing walls
A: almost no armour, amphibious, 8 rings, camouflage 1, gelatinous body 1,
(nimble swimmer 1), tentacles, frail 1, weak 1, subdued magic 1
a: Renounce Religion, Wall of Briars, Grow Ballistomycete


You were on level 5 of the Dungeon.
You worshipped Fedhas.
Fedhas was most pleased with you.
You visited 1 branch of the dungeon, and saw 5 of its levels.

You collected 273 gold pieces.

Inventory:

Hand Weapons
 e - a +2 hand axe of pain
 i - a +0 short sword
 j - a +0 sling
 n - a +0 rapier
 t - a +0 spear
 z - a +0 dagger of speed (weapon)
Missiles
 k - 3 throwing nets (quivered)
 q - 5 poisoned darts
 v - 5 boomerangs
Jewellery
 h - an amulet of reflection (around mantle)
Talismans
 u - a flux talisman
Scrolls
 a - a scroll of immolation {unknown}
 f - 2 scrolls of poison {unknown}
 g - 2 scrolls of enchant armour {unknown}
 l - a scroll of blinking {unknown}
 m - a scroll of fear {unknown}
 r - a scroll of noise {unknown}
 w - a scroll of summoning {unknown}
 x - a scroll of enchant weapon {unknown}
 y - 2 scrolls of teleportation
Potions
 c - a potion of lignification
 d - a potion of might
 o - 2 potions of enlightenment
 p - 2 potions of brilliance
 s - 2 potions of magic


   Skills:
 + Level 2.9 Fighting
 + Level 3.6 Dodging
 + Level 5.2 Stealth
 + Level 3.4 Spellcasting
 + Level 5.0 Ice Magic
 * Level 1.2 Invocations


You had 5 spell levels left.
You knew the following spells:

 Your Spells              Type           Power      Damage    Failure   Level
a - Freeze                Ice            68%        1d8       1%          1
b - Frozen Ramparts       Ice            34%        1d6       4%          3
c - Ozocubu's Armour      Ice            17%        N/A       4%          3

Your spell library contained the following spells:

 Spells                   Type           Power      Damage    Failure   Level
 Blink                    Tloc           4%         N/A       19%         2
 Lesser Beckoning         Tloc           4%         N/A       19%         2
 Momentum Strike          Conj/Tloc      4%         3d8       19%         2
 Call Canine Familiar     Summ           2%         N/A       36%         3
 Ignite Poison            Fire/Tmut/Pois 2%         N/A       36%         3
 Sigil of Binding         Hex            2%         N/A       36%         3
 Summon Ice Beast         Ice/Summ       9%         N/A       41%         4
 Dimensional Bullseye     Hex/Tloc       1%         N/A       78%         4
 Sticky Flame             Conj/Fire      2%         2d3       78%         4
 Ignition                 Fire           1%         3d3       100%        8


Dungeon Overview and Level Annotations

Branches:
Dungeon (5/15)
 Temple: D:4-7

Altars:
Fedhas
Gozag
Makhleb
Nemelex Xobeh
Uskayaw
The Shining One

Shops:
D:3 =


Innate Abilities, Weirdness & Mutations

You cannot wear most types of armour.
You are amphibious.
You can wear up to eight rings at the same time.
Your skin changes colour to match your surroundings (Stealth+).
Your rubbery body absorbs attacks. (AC +1, EV +1)
((You are camouflaged when in or above water. (Stealth+)))
You have tentacles for arms and can constrict up to eight enemies at once.
You are frail. (-10% HP)
You are weak. (Str -2)
Your spells are a little easier to cast, but a little less powerful.


Message History

Found 10 gold pieces.
You start resting.
Magic restored.
You start resting.
You feel a little less mighty now.
You start resting.
An iguana is nearby!
Casting: Frozen Ramparts (dangerous; 4% risk of failure)
Confirm with . or Enter, or press ? or * to list all spells.
Casting: Frozen Ramparts (dangerous; 4% risk of failure)
Press: ? - help, Dir - look around, f - activate The walls around you are covered in ice.
The iguana hisses angrily.
You hear a shout!
Casting: Frozen Ramparts (dangerous; 4% risk of failure)
Confirm with . or Enter, or press ? or * to list all spells.
A film of ice covers your body!
A centaur comes into view.
The wall freezes the iguana.
You hit the iguana but do no damage. You grab the iguana.
The iguana is lightly wounded.
You constrict the iguana, but do no damage.
The wall freezes the iguana.
The iguana seems to slow down.
The iguana bites you.
You hit the iguana but do no damage.
You tentacle-slap the iguana, but do no damage.
The iguana is moderately wounded.
You constrict the iguana. You hit the iguana but do no damage.
You squeeze the iguana, but do no damage.
The iguana is moderately wounded.
You constrict the iguana, but do no damage.
The wall freezes the centaur but does no damage.
The wall freezes the iguana.
The iguana bites you!
You hit the iguana. You squeeze the iguana.
You kill the iguana!
Fedhas appreciates your contribution to the ecosystem.
The wall freezes the centaur.
The centaur wields a +3 heavy shortbow.
The centaur shoots an arrow.
The arrow hits you!
You die...
Fedhas appreciates your contribution to the ecosystem.

#.##..#.###
#.........#
###..##.#....#
#... #.####.#
#. . #.# $. #
#.#.#
...##.#.####
#........#
.....##@##.....
##.. #†# .#..
## .c. .. .#.#.
.# .....#. # ..
... .. #.. ..#
.# ## ...# .


You could see a centaur.

Vanquished Creatures
  A black bear (D:4)
  A scorpion (D:4)
  A hound (D:4)
  A gnoll bouda (D:5)
  2 iguanas
  2 orc wizards
  Robin (D:4)
  8 gnolls
  2 adders (D:5)
  A dart slug (D:3)
  12 orcs
  5 ball pythons
  4 endoplasms
  3 giant cockroaches
  7 hobgoblins
  8 jackals
  4 kobolds
  3 quokkas
  8 bats
  A frilled lizard (D:2)
  14 goblins
  2 rats (D:1)
91 creatures vanquished.

Vanquished Creatures (collateral kills)
  An orc (D:4)
  A hobgoblin (D:4)
  A kobold (D:4)
3 creatures vanquished.

Grand Total: 94 creatures vanquished

Notes
Turn   | Place    | Note
-------+----------+-------------------------------------------
     0 | D:1      | croobank the Octopode Ice Elementalist began the quest for
                  | the Orb.
     0 | D:1      | Reached XP level 1. HP: 11/11 MP: 3/3
   193 | D:1      | Reached XP level 2. HP: 9/18 MP: 0/5
   454 | D:1      | Reached XP level 3. HP: 22/22 MP: 6/6
   793 | D:1      | Learned a level 3 spell: Frozen Ramparts
   903 | D:1      | Reached skill level 1 in Fighting
  1318 | D:2      | Found a faded altar of an unknown god.
  1321 | D:2      | Prayed at the altar of an unknown god.
  1321 | D:2      | Became a worshipper of Fedhas Madash
  1321 | D:2      | Reached * piety under Fedhas
  2312 | D:3      | Found a glowing golden altar of the Shining One.
  2312 | D:3      | Found a hide-covered altar of Uskayaw.
  2472 | D:3      | Reached XP level 4. HP: 23/28 MP: 1/7
  2476 | D:3      | Learned a level 3 spell: Ozocubu's Armour
  2762 | D:3      | Found Ita Nypo's Jewellery Emporium.
  2907 | D:4      | Reached ** piety under Fedhas
  3036 | D:4      | Reached XP level 5. HP: 25/34 MP: 1/9
  3132 | D:4      | Found a burning altar of Makhleb.
  3171 | D:4      | Gained mutation: You are weak. (Str -2) [potion of
                  | mutation]
  3171 | D:4      | Gained mutation: Your spells are a little easier to cast,
                  | but a little less powerful. [potion of mutation]
  3171 | D:4      | Gained mutation: You are frail. (-10% HP) [potion of
                  | mutation]
  3185 | D:4      | Found a sparkling altar of Nemelex Xobeh.
  3293 | D:4      | Noticed a black bear
  3359 | D:4      | Killed a black bear
  3360 | D:4      | Reached XP level 6. HP: 7/35 MP: 2/10
  3657 | D:4      | Noticed Robin
  3676 | D:4      | Killed Robin
  3928 | D:4      | Found an opulent altar of Gozag.
  4168 | D:5      | Entered Level 5 of the Dungeon
  4201 | D:5      | Reached skill level 5 in Stealth
  4201 | D:5      | Reached skill level 5 in Ice Magic
  4211 | D:5      | Reached *** piety under Fedhas
  4212 | D:5      | Reached skill level 1 in Invocations
  4212 | D:5      | Reached XP level 7. HP: 9/40 MP: 2/12
  4486 | D:5      | Shot with an arrow by a centaur

Illustrated notes

Levels and vault maps discovered:
D:1:      dpeg_arrival_ternary, layout_basic
D:2:      layout_basic, shapermc_ecumenical_altar_hornbeckon
D:3:      layout_rooms, mainiacjoe_overflow_divided_tiny, serial_shops, shop,
          minmay_ruptured
D:4:      layout_basic, amcnicky_altar_gilded, general_overflow_altar,
          mainiacjoe_overflow_small_starburst, uniq_robin
D:5:      layout_rooms, hangedman_abyss_or_decor_lesser_grid

Skill      XL: |  1  2  3  4  5  6 |
---------------+-------------------+-----
Stealth        | 3 4 5 |  5.2
Fighting       | 1 2 |  2.9
Dodging        | 3 |  3.6
Spellcasting   | 3 |  3.4
Ice Magic      | 5 |  5.0
Invocations    | 1 |  1.2

Action                     |  1- 3 |  4- 6 |  7- 9 || total
---------------------------+-------+-------+-------++-------
  Melee: Unarmed           |    39 |    26 |       ||    65
         Constrict         |    17 |    16 |     2 ||    35
         Tentacles         |    10 |    22 |     3 ||    35
         Punch             |     1 |     1 |     1 ||     3
         Dagger            |       |    49 |    25 ||    74
  Throw: Throwing net      |       |     5 |       ||     5
   Cast: Freeze            |    17 |     2 |       ||    19
         Frozen Ramparts   |    17 |    14 |     5 ||    36
         Ozocubu's Armour  |       |     7 |     1 ||     8
 Invoke: Wall of Briars    |       |     1 |       ||     1
    Use: Potion            |     1 |     5 |     1 ||     7
         Scroll            |       |     5 |     1 ||     6
   Stab: Sleeping          |     8 |     7 |       ||    15
 Armour: Skin              |    26 |    58 |    17 ||   101
  Dodge: Dodged            |    51 |    45 |     4 ||   100
  Block: Other             |    14 |    14 |     1 ||    29
         Reflection        |     1 |       |       ||     1

Table legend: (Time is in decaauts)
 A = Elapsed time spent in this place.
 B = Non-inter-level travel time spent in this place.
 C = Inter-level travel time spent in this place.
 D = Time resting spent in this place.
 E = Time spent auto-exploring this place.
 F = Levels seen in this place.
 G = Mean time per level.
                   A        B        C        D        E       F      G
               +--------+--------+--------+--------+--------+-----+--------+
         Total |   4472 |   4383 |     89 |    795 |   2830 |   5 |  894.4 |
       Dungeon |   4472 |   4383 |     89 |    795 |   2830 |   5 |  894.4 |
               +--------+--------+--------+--------+--------+-----+--------+

Top non-repeatable levels by time:
     D:2: 1268 daAuts
     D:4: 1265 daAuts
     D:1: 969 daAuts
     D:3: 663 daAuts
     D:5: 305 daAuts
